 Dungeon Crawl Stone Soup version 0.30-a0-372-g0ce2686038 (webtiles) character file.

Game seed: 10088020556876874920

620 Elric the Shield-Bearer (level 7, 0/44 HPs)
             Began as a Gargoyle Fighter on Nov 23, 2022.
             Was a Follower of Nemelex Xobeh.
             Slain by a water moccasin (3 damage)
             ... on level 5 of the Dungeon.
             The game lasted 00:04:47 (4179 turns).

Elric the Shield-Bearer (Gargoyle Fighter)          Turns: 4179, Time: 00:04:49

Health: 0/44       AC: 14    Str: 21    XL:     7   Next: 46%
Magic:  18/18      EV:  6    Int:  9    God:    Nemelex Xobeh [*.....]
Gold:   67         SH:  8    Dex:  9    Spells: 6/6 levels left

rFire   . . .      SeeInvis .    a - +0 flail
rCold   . . .      Faith    .    b - +0 kite shield
rNeg    + . .      Spirit   .    r - +0 chain mail
rPois   ∞          Reflect  .    (no helmet)
rElec   +          Harm     .    (no cloak)
rCorr   .          Rampage  .    (no gloves)
Will    .....                    (no boots)
Stlth   ..........               (no amulet)
HPRegen 0.27/turn                k - ring of magical power
MPRegen 0.16/turn                (no ring)

@: no status effects
A: sickness immunity, AC +4, negative energy resistance 1, electricity
resistance, torment resistance 1, petrification resistance
a: Renounce Religion, Draw Escape, Draw Destruction, Draw Summoning


You were on level 5 of the Dungeon.
You worshipped Nemelex Xobeh.
Nemelex Xobeh was aware of your devotion.
You visited 1 branch of the dungeon, and saw 5 of its levels.

You collected 161 gold pieces.
You spent 94 gold pieces at shops.

Inventory:

Hand Weapons
 a - a +0 flail (weapon)
Armour
 b - a +0 kite shield (worn)
 r - a +0 chain mail (worn)
Jewellery
 k - a ring of magical power (left hand)
Wands
 c - a wand of flame (6)
 p - a wand of mindburst (12)
Scrolls
 e - a scroll of blinking {unknown}
 f - a scroll of torment {unknown}
 g - 7 scrolls of identify {unknown}
 m - 3 scrolls of poison {unknown}
Potions
 d - 2 potions of might
 h - a potion of resistance {unknown}
 i - 5 potions of attraction {unknown}
 j - 4 potions of curing {unknown}
 l - a potion of magic {unknown}
 n - a potion of flight {unknown}
 o - a potion of brilliance {unknown}
 q - a potion of heal wounds {unknown}


   Skills:
 + Level 4.6 Fighting
 + Level 3.5 Maces & Flails
 + Level 4.6 Armour
 + Level 2.4 Dodging
 + Level 4.7 Shields
 * Level 3.7 Invocations


You had 6 spell levels left.
You didn't know any spells.
Your spell library contained the following spells:

 Spells                   Type           Power      Damage    Failure   Level
 Apportation              Tloc           0%         N/A       100%        1
 Magic Dart               Conj           0%         1d3       100%        1
 Necrotise                Necr           0%         1d4       100%        1
 Summon Small Mammal      Summ           0%         N/A       100%        1
 Call Imp                 Summ           0%         N/A       100%        2
 Static Discharge         Conj/Air       0%         2-2/arc   100%        2
 Mephitic Cloud           Conj/Pois/Air  0%         N/A       100%        3
 Vhi's Electric Charge    Tloc/Air       0%         N/A       100%        3
 Arcjolt                  Conj/Air       0%         1d10      100%        5
 Lightning Bolt           Conj/Air       0%         1d11      100%        5


Dungeon Overview and Level Annotations

Branches:
Dungeon (5/15)             Temple (0/1) D:4

Altars:
Fedhas
Nemelex Xobeh
Uskayaw
Zin

Shops:
D:1 [   D:5 =

Annotations:
D:5 exclusion: oklob plant


Innate Abilities, Weirdness & Mutations

You are immune to sickness and miasma.
Your stone body is resilient. (AC +4)
You are immune to poison.
You resist negative energy. (rN+)
You are resistant to electric shocks. (rElec)
You are resistant to unholy torment.
You are immune to petrification.


Message History

The water moccasin is heavily wounded.
The water moccasin bites you but does no damage. x2
You barely miss the water moccasin.
The water moccasin is heavily wounded.
You block the water moccasin's attack. The water moccasin bites you.
You closely miss the water moccasin.
The water moccasin is heavily wounded.
The water moccasin bites you.
The water moccasin bites you but does no damage.
You closely miss the water moccasin.
The water moccasin is heavily wounded.
You block the water moccasin's attack.
The water moccasin bites you but does no damage.
You hit the water moccasin.
The water moccasin is severely wounded.
The water moccasin bites you but does no damage.
The water moccasin bites you.
* * * LOW HITPOINT WARNING * * *
You hit the water moccasin but do no damage.
The water moccasin is severely wounded.
The water moccasin bites you but does no damage. x2
You closely miss the water moccasin.
The water moccasin is heavily wounded.
The water moccasin bites you but does no damage. x2
You closely miss the water moccasin.
The water moccasin is heavily wounded.
You block the water moccasin's attack.
The water moccasin bites you but does no damage.
You miss the water moccasin.
The water moccasin is heavily wounded.
The water moccasin bites you.
* * * LOW HITPOINT WARNING * * *
You block the water moccasin's attack.
You miss the water moccasin.
The water moccasin is heavily wounded.
The water moccasin bites you.
* * * LOW HITPOINT WARNING * * *
The water moccasin bites you.
You die...
Your body disappears without a glow.

#.#.# #.#.####### ### #.#.#
#.#+#### ########### #.#.#
#......# #.........# ######.#.#
#......# #.#######.# .......#.#
#...†..# #.# #.#
########.###......# #.# #.#
########...#......#####.#######.#
..................'.........†....
##########.#?...@.#####.#######..
# #.#....S.# #.# ### #######
######...... #.. .
♣P#PPP##P♣#..#.......##### ##
PPPP#P.PP.♣PP#.^.......
♣PPPPPP.♣#PPP#......!##.
PPPPP#PPPP..P#####...#
......#P#PPPP# ...#
~~≈~~.PPPPP..#


You could see a water moccasin.

Vanquished Creatures
  An ogre (D:5)
  2 phantoms (D:5)
  A necrophage (D:4)
  A scorpion (D:4)
  A howler monkey (D:5)
  2 hounds (D:5)
  An iguana (D:5)
  An orc wizard (D:4)
  2 adders (D:2)
  7 dart slugs
  13 orcs
  6 endoplasms
  2 giant cockroaches (D:1)
  7 goblins
  2 hobgoblins (D:3)
  3 jackals (D:3)
  6 kobolds
  5 quokkas
  8 ball pythons
  5 bats
  3 frilled lizards
  25 rats
104 creatures vanquished.

Vanquished Creatures (others)
  8 toadstools (D:5)
8 creatures vanquished.

Grand Total: 112 creatures vanquished

Notes
Turn   | Place    | Note
-------+----------+-------------------------------------------
     0 | D:1      | Elric the Gargoyle Fighter began the quest for the Orb.
     0 | D:1      | Reached XP level 1. HP: 14/14 MP: 1/1
   350 | D:1      | Found Ehil's Antique Armour Boutique.
   354 | D:1      | Reached XP level 2. HP: 19/19 MP: 2/2
   731 | D:1      | Reached XP level 3. HP: 22/23 MP: 3/3
  1079 | D:2      | Reached skill level 1 in Dodging
  1158 | D:2      | Reached XP level 4. HP: 24/29 MP: 4/4
  1586 | D:3      | Found a glowing silver altar of Zin.
  1600 | D:3      | Found a sparkling altar of Nemelex Xobeh.
  1657 | D:3      | Became a worshipper of Nemelex Xobeh the Trickster
  2216 | D:3      | Reached * piety under Nemelex Xobeh
  2333 | D:4      | Received a gift from Nemelex Xobeh
  2523 | D:4      | Reached skill level 1 in Invocations
  2731 | D:4      | Reached XP level 5. HP: 33/33 MP: 5/5
  2762 | D:4      | Found a hide-covered altar of Uskayaw.
  2823 | D:4      | Found a staircase to the Ecumenical Temple.
  3120 | D:4      | Reached XP level 6. HP: 25/38 MP: 7/7
  3499 | D:1      | Bought a kite shield for 94 gold pieces
  3588 | D:5      | Entered Level 5 of the Dungeon
  3661 | D:5      | Found a blossoming altar of Fedhas.
  3689 | D:5      | Noticed an oklob plant
  3808 | D:5      | Found Raun's Jewellery Boutique.
  3826 | D:5      | Reached XP level 7. HP: 27/44 MP: 9/9
  4179 | D:5      | Slain by a water moccasin

Illustrated notes

Levels and vault maps discovered:
D:1:      nicolae_arrival_somewhat_less_tricky_arrival, layout_basic,
          serial_shops, nicolae_shop_stone, serial_park_tiny_1
D:2:      layout_basic, minmay_misc_feat_more_columns,
          kennysheep_big_empty_room, kennysheep_crisscross,
          hangedman_abyss_or_decor_lesser_grid, chequers_arboretum
D:3:      layout_basic, mainiacjoe_overflow_paths, overflow_temple_1_default
D:4:      layout_loops_ring, eat_drink_and_be_merry_uskayaw,
          lemuel_temple_firewalk_b, minmay_rat_hole
D:5:      layout_basic, tgw_fedhas, serial_shops, nicolae_square_shop

Skill      XL: |  1  2  3  4  5  6 |
---------------+-------------------+-----
Dodging        | 1 2 |  2.4
Invocations    | 1 2 3 |  3.7
Shields        | 4 |  4.7
Fighting       | 4 |  4.6
Armour         | 4 |  4.6
Maces & Flails | 3 |  3.5

Action                   |  1- 3 |  4- 6 |  7- 9 || total
-------------------------+-------+-------+-------++-------
Melee: Flail             |   111 |   206 |    77 ||   394
Invok: Draw Destruction  |       |     1 |       ||     1
Armor: Scale mail        |    65 |   130 |       ||   195
       Chain mail        |       |    36 |    38 ||    74
Dodge: Dodged            |    51 |   116 |    20 ||   187
Block: Buckler           |    24 |    42 |       ||    66
       Kite shield       |       |    12 |    33 ||    45

Table legend: (Time is in decaauts)
 A = Elapsed time spent in this place.
 B = Non-inter-level travel time spent in this place.
 C = Inter-level travel time spent in this place.
 D = Time resting spent in this place.
 E = Time spent auto-exploring this place.
 F = Levels seen in this place.
 G = Mean time per level.
                   A        B        C        D        E       F      G
               +--------+--------+--------+--------+--------+-----+--------+
         Total |   4311 |   3957 |    354 |    145 |   3010 |   5 |  862.2 |
       Dungeon |   4311 |   3957 |    354 |    145 |   3010 |   5 |  862.2 |
               +--------+--------+--------+--------+--------+-----+--------+

Top non-repeatable levels by time:
     D:4: 1126 daAuts
     D:1: 993 daAuts
     D:3: 914 daAuts
     D:2: 645 daAuts
     D:5: 632 daAuts
